 BcadrenCrawl: Boulder Brew version 0.05.31-22-geda828027a (webtiles) character file.

Game seed: 9538233582088425650, levelgen mode: deterministic

10774 BR41ND34D the Transmogrifier (level 11, -1/76 HPs) Silent Spectre Transmuter. Began on Oct 2, 2021. Was a Priest of Yredelemnul. Slain by a seven-headed hydra (8 damage) ... on level 1 of the Lair of Beasts. The game lasted 01:27:55 (7570 turns).

BR41ND34D the Transmogrifier (SSTm)                 Turns: 7570, Time: 01:27:55

Health: -1/76      AC:  7    Str:  7    XL:     11 ^: 6456
Magic:  23/26      EV: 23    Int: 19    God:    Yredelemnul [3* [96]]
Gold:   357        SH:  0    Dex: 17    Spells: 14/27 levels left

rFire    x . .     Vision   .     - Unarmed
rCold    + + +     Gourm    .     - Unarmed
rNeg     + + +     Faith    .   (armour currently unavailable)
rCorr    . . .     Spirit   .   (helmet currently unavailable)
rPois    ∞         Reflect  .   (cloak currently unavailable)
rElec    .         Harm     .   (gloves currently unavailable)
MR       ++...                  (boots currently unavailable)
Stlth    ++........             (no amulet)
HPRegen  0.35/turn              d - ring of evasion
MPRegen  0.36/turn              a - ring of protection from magic

@: ice-form, silenced
A: large, unfitting armour, silence aura 2, negative energy resistance 3,
torment resistance, unbreathing, petrification resistance, silent casting,
insubstantial
a: End Transformation, Twisted Reanimation, Recall Undead Slaves, Injury Mirror,
Renounce Religion


You were on level 1 of the Lair of Beasts.
You worshipped Yredelemnul.
Yredelemnul was most pleased with you.
You were not hungry.
You were a creature of crystalline ice.
You visited 3 branches of the dungeon, and saw 7 of its levels.

You collected 357 gold pieces.

Inventory:

Weapons
 m - a +0 arbalest
Armour
 c - a +0 leather armour
 e - a +0 helmet (melded)
 g - a +0 pair of boots (melded)
 j - a +2 robe of magic resistance
 r - a +2 cloak (melded)
 s - a +0 troll leather (melded)
Magical Staves
 v - a +2 shielded staff of transmutation
Jewellery
 a - a ring of protection from magic (right front paw)
 b - an uncursed ring of resist corrosion
 d - a ring of evasion (left front paw)
 f - the cursed ring of Suicidal Tendencies {+Fly rElec rN+ Dex-4, (Curse: Int-2)}
   (You took it off a kobold on level 2 of the Dungeon)

   [ring of positive energy]

   It affects your dexterity (-4).
   It insulates you from electricity.
   It protects you from negative energy.
   It lets you fly.
   It has a curse placed upon it.
   { (Curse: Int-2)}
 w - an uncursed ring of dexterity
 y - an uncursed ring of magical power
Wands
 h - a wand of flame (1)
 k - a wand of scattershot (2)
 n - a wand of random effects (13)
 q - a wand of healing (3)
 u - a wand of enslavement (1)
Potions
 i - 2 potions of mutation
 l - 2 potions of cancellation
 o - a potion of heal wounds
 p - 2 potions of resistance
 t - a potion of lignification
 x - a potion of haste


   Skills:
 + Level 5.5 Fighting
 + Level 0.8 Armour
 + Level 8.3 Dodging
 + Level 7.3 Unarmed Combat
 + Level 8.6 Spellcasting
 + Level 11.2 Transmutations
 - Level 2.0 Ice Magic
 - Level 2.0 Poison Magic
 * Level 5.4 Invocations


You had 14 spell levels left.
You knew the following spells:

 Your Spells              Type           Power        Failure   Level  Hunger
a - Beastly Appendage     Tmut           50 (50)      1%          1    N/A
b - Scorpion Form         Tmut/Pois      33 (200)     2%          3    N/A
c - Blade Hands           Tmut           50 (200)     3%          5    N/A
d - Ice Form              Ice/Tmut       33 (100)     8%          4    N/A

Your spell library contained the following spells:

 Spells                   Type           Power        Failure   Level  Hunger
 Sticks to Snakes         Tmut           50 (100)     1%          2    N/A
 Snakes to Sticks         Hex/Tmut       29 (100)     4%          3    N/A

Dungeon Overview and Level Annotations

Branches:
Dungeon (5/8)              Temple (1/1) D:4            Lair (1/6) D:5

Altars:
Ashenzari
Cheibriados
Dithmenos
Elyvilon
Fedhas Madash
Gozag Ym Sagoz
Hepliaklqana
Kikubaaqudgha
Makhleb
Nemelex Xobeh
Okawaru
Qazlal
Ru
Sif Muna
Trog
Uskayaw
Vehumet
Wu Jian
Xom
Yredelemnul
The Shining One

Shops:
D:3 *   D:4 [


Innate Abilities, Weirdness & Mutations

You are immune to poison.
You are surrounded by an aura of unnatural quiet.
You are immune to negative energy. (rN+++)
You are immune to unholy pain and torment.
You can survive without breathing.
You are immune to petrification.
You can communicate with gods and cast spells while silenced.
Your insubstantial form boosts your evasion and grants immunity to sticky flames, nets and constriction.


Message History

Your +0 pair of boots melds into your body.
Your +0 troll leather melds into your body.
The seven-headed hydra bites you (15)!
The seven-headed hydra barely misses you (0).
The seven-headed hydra bites you but does no damage.
The seven-headed hydra bites you (8)! The seven-headed hydra bites you (15)!
The seven-headed hydra bites you (5).
The seven-headed hydra completely misses you (0).
Your large abomination kicks the seven-headed hydra with several mutilated limbs at once (10)!
The seven-headed hydra holds its ground!
You punch the seven-headed hydra (7)!
The seven-headed hydra seems to slow down.
You freeze the seven-headed hydra (3). You punch the seven-headed hydra (7)!
You freeze the seven-headed hydra (2).
The seven-headed hydra is moderately wounded. (44/73) HP The seven-headed hydra bites you (9)!
The seven-headed hydra bites you (17)!
* * * LOW HITPOINT WARNING * * *
The seven-headed hydra bites you (8)!
You die...
Yredelemnul claims you as an undead slave.

..####P.# ... ........
... ....... ... .....
#.# ...# #.# #..# ##
#.###### #.D## #
.###.##.#.#####XY.#.####
.....x....x.....x%......
............X...........
##################P..P##
# #####


You could see a seven-headed hydra, 2 friendly large abominations and 2 friendly
small abominations.

Vanquished Creatures
  A two-headed ogre (D:5)
  Pikel (D:3)
  2 death yaks (D:5)
  A spiny frog (Lair:1)
  3 trolls (D:5)
  A hornet (D:4)
  A hippogriff (D:5)
  A spriggan (D:4)
  3 yaks (D:5)
  2 guardian mummies (D:5)
  2 phantoms (D:3)
  6 water moccasins
  3 orc warriors (D:5)
  3 porcupines
  5 scorpions
  4 ice beasts
  A sky beast (D:4)
  Ijyb (D:3)
  3 black bears
  2 ogres (D:5)
  A crocodile (D:2)
  3 big kobolds
  8 bullfrogs
  2 centaurs (D:5)
  2 howler monkeys (D:5)
  A killer bee (D:5)
  7 wights
  5 jellies
  A crimson imp (D:3)
  5 orc priests
  A hound (D:5)
  5 orc wizards
  3 iguanas
  5 worker ants
  A wyvern zombie (D:4)
  A wyvern skeleton (D:5)
  5 giant cockroaches
  3 bullfrog skeletons (D:4)
  6 adders
  48 sewer rats
  6 worms
  10 cinder newts
  A hound zombie (D:5)
  A dart slug (D:1)
  6 leopard geckos
  19 orcs
  3 bats
  7 goblins (D:1)
  6 hobgoblins (D:1)
  5 jackals (D:4)
  16 kobolds
  2 quokkas
  A ball python (D:1)
  A ball python skeleton (D:2)
  A bat skeleton (D:2)
  A leopard gecko skeleton (D:3)
  A quokka skeleton (D:5)
  7 rats
  A rat skeleton (D:2)
  A butterfly (D:5)
  2 fungi (Lair:1)
  4 plants (Lair:1)
  2 slaves (D:3)
  15 withered plants (D:2)
278 creatures vanquished.

Vanquished Creatures (collateral kills)
  A death yak (D:5)
  An oklob plant (Lair:1)
  A spiny frog (Lair:1)
  A troll (D:5)
  A hippogriff (D:5)
  2 bullfrogs
  A centaur (D:5)
  4 killer bees (D:5)
  An orc wizard (D:5)
  6 orcs (D:5)
  2 fungi (Lair:1)
  4 plants (Lair:1)
25 creatures vanquished.

Vanquished Creatures (others)
  An adder (D:3)
  An adder skeleton (D:3)
  A bat skeleton (D:3)
  A kobold (D:2)
  A leopard gecko skeleton (D:2)
  An orc skeleton (D:2)
  6 crawling corpses (D:5)
  A giant blowfly (D:2)
  A large abomination (D:5)
  5 macabre masses (D:5)
  5 small abominations (D:5)
  109 withered plants (D:2)
133 creatures vanquished.

Grand Total: 436 creatures vanquished

Notes
Turn   | Place    | Note
-------+----------+-------------------------------------------
     0 | D:1      | BR41ND34D the Silent Spectre Transmuter began the quest for
                  | the Orb.
     0 | D:1      | Reached XP level 1. HP: 11/11 MP: 6/6
    27 | D:1      | Reached skill level 3 in Transmutations
    29 | D:1      | Reached XP level 2. HP: 13/16 MP: 8/8
   211 | D:1      | Reached skill level 1 in Fighting
   543 | D:1      | Reached XP level 3. HP: 20/20 MP: 10/10
   613 | D:1      | Learned a level 3 spell: Scorpion Form
   989 | D:2      | Noticed a crocodile
  1052 | D:2      | Reached XP level 4. HP: 25/25 MP: 11/11
  1186 | D:2      | Reached skill level 4 in Transmutations
  1250 | D:2      | Reached XP level 5. HP: 29/29 MP: 10/12
  1452 | D:2      | Reached skill level 1 in Poison Magic
  1529 | D:2      | Reached XP level 6. HP: 28/35 MP: 9/14
  1660 | D:2      | Reached skill level 5 in Transmutations
  1749 | D:2      | Identified the cursed ring of Suicidal Tendencies {+Fly
                  | rElec rN+ Dex-4, (Curse: Int-2)}
  1865 | D:2      | Reached XP level 7. HP: 28/40 MP: 13/16
  1990 | D:2      | Reached skill level 6 in Transmutations
  3074 | D:2      | Reached skill level 5 in Spellcasting
  3177 | D:2      | Reached XP level 8. HP: 45/45 MP: 15/18
  3540 | D:3      | Reached skill level 7 in Transmutations
  3620 | D:3      | Noticed Pikel
  3654 | D:3      | Killed Pikel
  3654 | D:3      | Reached skill level 5 in Dodging
  3654 | D:3      | Reached skill level 5 in Unarmed Combat
  3764 | D:3      | Learned a level 5 spell: Blade Hands
  3802 | D:3      | Noticed Ijyb
  3807 | D:3      | Killed Ijyb
  3807 | D:3      | Reached skill level 8 in Transmutations
  4189 | D:3      | Found Gieroits's General Store.
  4209 | D:3      | Reached XP level 9. HP: 51/51 MP: 21/21
  4224 | D:3      | Learned a level 4 spell: Ice Form
  4489 | D:4      | Reached skill level 1 in Ice Magic
  4596 | D:4      | Reached skill level 9 in Transmutations
  4660 | D:4      | Found a staircase to the Ecumenical Temple.
  4669 | Temple   | Entered the Ecumenical Temple
  4939 | Temple   | Became a worshipper of Yredelemnul the Dark
  5168 | D:4      | Found Lygyd's Antique Armour Emporium.
  5262 | D:4      | Identified a scroll of acquirement
  5279 | D:4      | Reached skill level 1 in Invocations
  5705 | D:5      | Entered Level 5 of the Dungeon
  5896 | D:5      | Noticed a troll
  5897 | D:5      | Reached * piety under Yredelemnul
  5913 | D:5      | Killed a troll
  5916 | D:5      | Reached XP level 10. HP: 39/57 MP: 24/24
  6033 | D:5      | Reached skill level 10 in Transmutations
  6215 | D:5      | Reached ** piety under Yredelemnul
  6528 | D:5      | Noticed a death yak
  6530 | D:5      | Noticed a death yak
  6531 | D:5      | Reached skill level 5 in Fighting
  6538 | D:5      | Noticed a death yak
  6547 | D:5      | Killed a death yak
  6571 | D:5      | Killed a death yak
  6688 | D:5      | Killed a death yak
  6688 | D:5      | Reached XP level 11. HP: 43/64 MP: 23/26
  6805 | D:5      | Found a staircase to the Lair.
  6817 | D:5      | Reached skill level 11 in Transmutations
  6866 | D:5      | Noticed a two-headed ogre
  6879 | D:5      | Killed a two-headed ogre
  6879 | D:5      | Reached skill level 5 in Invocations
  6882 | D:5      | Reached *** piety under Yredelemnul
  7301 | Lair:1   | Entered Level 1 of the Lair of Beasts
  7564 | Lair:1   | Noticed a seven-headed hydra
  7570 | Lair:1   | Slain by a seven-headed hydra

Levels and vault maps discovered:
D:1:      dpeg_arrival_tiny_h, layout_basic
D:2:      layout_sewer, first_ration, minmay_misc_feat_rugged,
          minmay_crystal_water
D:3:      layout_twisted_cavern, serial_shops, nicolae_shop_waterfront,
          uniq_pikel, uniq_ijyb
D:4:      layout_basic, temple_hall, serial_shops, shop, the_bakery
D:5:      layout_roguey, dpeg_lair_monsters, chequers_ossuary_entry_cave,
          grunt_decor_mini_mirrors, chequers_serial_rivers_small_3,
          chequers_serial_rivers_micro_b
Temple:   regret_index_temple_sigil_plot
Lair:1:   layout_long_grid, dpeg_stationary_puzzle

Skill      XL: |  1  2  3  4  5  6  7  8  9 10 11 |
---------------+----------------------------------+-----
Transmutations | 3 4 5 6 8 9 10 11 | 11.2
Fighting       | 1 2 3 4 5 |  5.5
Spellcasting   | 3 4 5 6 7 8 |  8.6
Dodging        | 3 4 5 6 7 8 |  8.3
Poison Magic   | 1 2 |  2.0
Unarmed Combat | 4 5 6 7 |  7.3
Ice Magic      | 2 |  2.0
Invocations    | 2 4 5 |  5.4
Armour         | |  0.8

Action                   |  1- 3 |  4- 6 |  7- 9 | 10-12 || total
-------------------------+-------+-------+-------+-------++-------
Melee: Unarmed           |   211 |   709 |  1199 |   542 ||  2661
       Kick              |     5 |    14 |       |       ||    19
       Headbutt          |     4 |     8 |       |     8 ||    20
 Cast: Beastly Appendage |    10 |     8 |       |     1 ||    19
       Scorpion Form     |       |     9 |    17 |       ||    26
       Blade Hands       |       |       |    19 |    24 ||    43
       Ice Form          |       |       |     2 |     2 ||     4
Invok: Twisted Reanimati |       |       |       |    20 ||    20
       Recall Undead Sla |       |       |       |     1 ||     1
  Use: Potion            |       |       |     1 |       ||     1
 Stab: Sleeping          |     2 |       |     6 |       ||     8
Armor: Robe              |     5 |     4 |     8 |       ||    17
       Skin              |       |     1 |     1 |     4 ||     6
       Troll leather     |       |       |       |    13 ||    13
Dodge: Dodged            |    46 |   140 |   303 |   146 ||   635
